 Dungeon Crawl Stone Soup version 0.26-a0-542-gbaa144ba5c (webtiles) character file.

Game seed: 9539382643945648648

21 MrRokkomies the Stinger (level 2, -3/16 HPs)
             Began as a Tengu Venom Mage on Aug 17, 2020.
             Slain by Natasha (8 damage)
             ... on level 2 of the Dungeon.
             The game lasted 00:01:52 (1191 turns).

MrRokkomies the Stinger (Tengu Venom Mage)          Turns: 1191, Time: 00:01:52

Health: -3/16      AC:  2    Str:  8    XL:     2   Next: 87%
Magic:  3/6        EV: 17    Int: 15    God:
Gold:   87         SH:  0    Dex: 14    Spells: 4/5 levels left

rFire    . . .     SeeInvis .   a - +3 falchion
rCold    . . .     Faith    .   (no shield)
rNeg     . . .     Spirit   .   k - +0 robe
rPois    .         Reflect  .   (helmet restricted)
rElec    .         Harm     .   (no cloak)
rCorr    .                      (no gloves)
MR       .....                  (boots unavailable)
Stlth    ++........             (no amulet)
HPRegen  0.05/turn              e - +4 ring of evasion
MPRegen  0.10/turn              (no ring)

@: no status effects
A: beak, talons 3
a: no special abilities


You were on level 2 of the Dungeon.
You visited 1 branch of the dungeon, and saw 2 of its levels.

You collected 87 gold pieces.

Inventory:

Hand Weapons
 a - a +3 falchion (weapon)
 g - a +0 dagger
Missiles
 f - 20 sling bullets
Armour
 k - a +0 robe (worn)
Jewellery
 e - a +4 ring of evasion (left hand)
Wands
 j - a wand of paralysis (9)
Scrolls
 b - 2 scrolls of remove curse {unknown}
 c - a scroll of amnesia {unknown}
 d - a scroll of immolation {unknown}
 p - a scroll of identify {unknown}
Potions
 h - a potion of curing {unknown}
 i - a potion of stabbing {unknown}
 l - a potion of magic {unknown}
 m - a potion of brilliance {unknown}
 n - a potion of flight {unknown}
 o - a potion of invisibility {unknown}


   Skills:
 + Level 0.7 Fighting
 * Level 2.7 Dodging
 - Level 2.0 Stealth
 + Level 2.0 Spellcasting
 - Level 0.9 Transmutations
 * Level 3.3 Poison Magic


You had 4 spell levels left.
You knew the following spells:

 Your Spells              Type           Power        Failure   Level
a - Sting                 Tmut/Pois      #...         9%          1

Your spell library contained the following spells:

 Spells                   Type           Power        Failure   Level
 Poisonous Vapours        Pois/Air       #.....       17%         2
 Ignite Poison            Fire/Tmut/Pois #.......     36%         3
 Mephitic Cloud           Conj/Pois/Air  #.......     38%         3
 Olgreb's Toxic Radiance  Pois           ##......     50%         4


Dungeon Overview and Level Annotations

Branches:
Dungeon (2/15)

Altars:

Annotations:
D:2 Natasha


Innate Abilities, Weirdness & Mutations

You have a beak for a mouth.
You have claws for feet.


Message History

Unknown command.
Casting: Sting (safe; 9% risk of failure)
Confirm with . or Enter, or press ? or * to list all spells.
Aiming: Sting (safe; 9% risk of failure)
Press: ? - help, Shift-Dir - straight line, f/p - Natasha
Aim: Natasha (moderately wounded, poisoned)
The sting hits Natasha.
Natasha looks even sicker.
Natasha is heavily wounded.
Natasha closely misses you.
Casting: Sting (safe; 9% risk of failure)
Confirm with . or Enter, or press ? or * to list all spells.
Aiming: Sting (safe; 9% risk of failure)
Press: ? - help, Shift-Dir - straight line, f/p - Natasha
Aim: Natasha (heavily wounded, very poisoned)
The sting hits Natasha but does no damage.
Natasha looks even sicker.
Natasha is heavily wounded.
Natasha claws you!
Ouch! That really hurt!
You die...

## #... #. ...# #$
##..####.# ........#
#..##.h.# #..##@.# .
. #..##..#....
##............
#...##..#...?. #
#...##..#.....
#...###....>......##
..#...........#####
...###..####.#
#.#.....####.#


You could see Natasha (very poisoned).

Vanquished Creatures
  A dart slug (D:1)
  3 bats (D:1)
  2 goblins (D:1)
  3 hobgoblins
  A frilled lizard (D:1)
  6 kobolds (D:1)
  4 rats (D:1)
20 creatures vanquished.

Notes
Turn   | Place    | Note
-------+----------+-------------------------------------------
     0 | D:1      | MrRokkomies the Tengu Venom Mage began the quest for the
                  | Orb.
     0 | D:1      | Reached XP level 1. HP: 10/10 MP: 4/4
   451 | D:1      | Reached XP level 2. HP: 16/16 MP: 6/6
  1184 | D:2      | Noticed Natasha
  1191 | D:2      | Slain by Natasha

Illustrated notes

Levels and vault maps discovered:
D:1:      dpeg_arrival_snail, layout_basic, kennysheep_flooded_box,
          kennysheep_decorative_pillar, minivault_5, roderic_roman_lattice
D:2:      minmay_diamond_boxcup, layout_loops_ring, serial_bayou_pond_b,
          minivault_5, uniq_natasha, uniq_sigmund

Action                   || total
-------------------------++-------
Melee: Falchion          ||    32
       Unarmed           ||     4
       Kick              ||     8
       Peck              ||     4
 Cast: Sting             ||     9
 Stab: Sleeping          ||     3
Armor: Robe              ||     5
Dodge: Dodged            ||    31
       Rpst.: Falchion   ||    10

Table legend: (Time is in decaauts)
 A = Elapsed time spent in this place.
 B = Non-inter-level travel time spent in this place.
 C = Inter-level travel time spent in this place.
 D = Time resting spent in this place.
 E = Time spent auto-exploring this place.
 F = Levels seen in this place.
 G = Mean time per level.
                   A        B        C        D        E       F      G
               +--------+--------+--------+--------+--------+-----+--------+
         Total |   1198 |   1162 |     36 |      0 |    996 |   2 |  599.0 |
       Dungeon |   1198 |   1162 |     36 |      0 |    996 |   2 |  599.0 |
               +--------+--------+--------+--------+--------+-----+--------+

Top non-repeatable levels by time:
     D:1: 1103 daAuts
     D:2: 95 daAuts
